 Dungeon Crawl Stone Soup version 0.32-a0-871-ge202e49faa (webtiles) character file.

Game seed: 1886535564920600856

1609 Biggs the Skirmisher (level 8, -1/62 HPs)
             Began as a Coglin Hunter on Mar 29, 2024.
             Was a Follower of Okawaru.
             Killed by divine providence
             ... invoked by an orc priest
              (11 damage)
             ... on level 6 of the Dungeon.
             The game lasted 00:12:19 (5364 turns).

Biggs the Skirmisher (Coglin Hunter)                Turns: 5364, Time: 00:12:20

Health: -1/62      AC:  8    Str: 11    XL:     8   Next: 95%
Magic:  8/8        EV: 13    Int:  9    God:    Okawaru [*.....]
Gold:   246        SH:  0    Dex: 20    Spells: 7/7 levels left

rFire   . . .        a - +2 sling {Gerda}
rCold   . . .        d - +0 sling {Ari}
rNeg    . . .        c - +0 leather armour
rPois   .            (no helmet)
rElec   .            A - +1 cloak
rCorr   .            (no gloves)
SInv    .            y - +2 pair of boots
Will    .....        (amulet unavailable)
Stlth   ++           (ring unavailable)
HPRegen 0.30/turn    (ring unavailable)
MPRegen 0.11/turn    (no gizmo)

%: no passive effects
@: about to teleport
A: off-hand wielding, slow wielding, warmup strikes, no jewellery
a: Invent Gizmo, Renounce Religion, Heroism


You were on level 6 of the Dungeon.
You worshipped Okawaru.
Okawaru was aware of your devotion.
You visited 2 branches of the dungeon, and saw 7 of its levels.

You collected 246 gold pieces.

Inventory:

Hand Weapons
 a - a +2 sling (weapon) {Gerda}
 d - a +0 sling (offhand) {Ari}
Armour
 c - a +0 leather armour (worn)
 y - a +2 pair of boots (worn)
 A - a +1 cloak (worn)
Wands
 p - a wand of digging (3)
 u - a wand of mindburst (1)
Scrolls
 b - a scroll of butterflies
 e - 5 scrolls of immolation
 g - a scroll of acquirement
 l - a scroll of teleportation
 n - 2 scrolls of identify
 o - 3 scrolls of enchant armour
 r - a scroll of enchant weapon {unknown}
 w - 2 scrolls of vulnerability {unknown}
 x - a scroll of fog {unknown}
 z - a scroll of noise {unknown}
 C - a scroll of poison {unknown}
Potions
 f - 2 potions of ambrosia {unknown}
 h - 2 potions of berserk rage {unknown}
 i - 2 potions of lignification {unknown}
 k - a potion of magic {unknown}
 m - a potion of brilliance {unknown}
 q - a potion of invisibility {unknown}
 s - a potion of haste {unknown}
 t - 2 potions of heal wounds {unknown}
 v - 2 potions of degeneration {unknown}
 B - a potion of curing {unknown}


   Skills:
 - Level 5.0 Fighting
 + Level 9.1 Ranged Weapons
 - Level 4.1 Dodging
 - Level 0.7 Stealth


You had 7 spell levels left.
You didn't know any spells.
Your spell library contained the following spells:

 Spells                   Type           Power      Damage    Failure   Level
 Apportation              Tloc           0%         N/A       47%         1
 Necrotise                Necr           0%         1d4       47%         1
 Sting                    Conj/Alch      0%         1d3       47%         1
 Ensorcelled Hibernation  Hex/Ice        0%         N/A       63%         2
 Jinxbite                 Hex            0%         N/A       63%         2
 Fugue of the Fallen      Necr           0%         N/A       85%         3
 Passwall                 Erth           0%         N/A       85%         3
 Swiftness                Air            0%         N/A       85%         3
 Anguish                  Hex/Necr       0%         N/A       99%         4
 Alistair's Intoxication  Alch           0%         N/A       100%        5
 Summon Small Mammal      Summ           Unusable   N/A       N/A         1

Dungeon Overview and Level Annotations

Branches:
Dungeon (6/15)             Temple (1/1) D:4

Altars:
Ashenzari
Cheibriados
Dithmenos
Elyvilon
Gozag
Hepliaklqana
Kikubaaqudgha
Makhleb
Nemelex Xobeh
Okawaru
Qazlal
Ru
Sif Muna
Trog
Uskayaw
Vehumet
Wu Jian
Xom
The Shining One

Shops:
D:2 [   D:5 [


Innate Abilities, Weirdness & Mutations

You can wield a second weapon in your off-hand.
It takes a long time for you to wield or remove held weapons.
Your first few attacks do less damage.
You cannot equip rings or amulets.


Message History

You shoot a sling bullet.
The sling bullet hits the gnoll sergeant!
The gnoll sergeant is heavily wounded.
The gnoll sergeant barely misses you.
Okay, then.
As you read the scroll labelled URESOR DEPH, it crumbles to dust.
It is a scroll of identify.
o - 3 scrolls of enchant armour The gnoll sergeant hits you from afar with a +4 trident of protection!
Okay, then.
This is a scroll of acquirement!
Something appears at your feet! The gnoll closely misses you.
The gnoll sergeant hits you but does no damage.
Unknown command.
Okay, then.
As you read the scroll labelled NUPYZX VIH LIX, it crumbles to dust.
You assume a fearsome visage.
The gnoll sergeant resists with some effort.
The gnoll looks frightened! x2; It was a scroll of fear.
The gnoll sergeant hits you from afar with a +4 trident of protection!
The gnoll sergeant attacks as it pursues you!
The gnoll sergeant barely misses you.
As you read the scroll of fear, it crumbles to dust.
You assume a fearsome visage.
The gnoll sergeant looks frightened!
Things that are here:
a +0 robe; a +0 dagger; an orc skeleton An orc wizard comes into view.
It is wielding a +0 dagger.
The orc wizard casts a spell at you. The puff of flame hits you.
The orc shouts!
As you read the scroll labelled LACWAIS MAOCI, it crumbles to dust.
You feel strangely unstable.
It was a scroll of teleportation.
The orc priest shouts!
Unknown command.
The orc priest mumbles some strange prayers to Beogh against you.
Beogh smites you!
* * * LOW HITPOINT WARNING * * *
The orc priest invokes the aid of Beogh against you.
Beogh smites you!
You die...

....# #...>...# #...# ....#
#...o...# #.### ....# #.......#
###.#
....##########..o....####...#####
....#.................##.........
................o#....##.#####'##
..............#..#....##.#II#...#
.g..........##...#....##.#..'...#
#..........#.#..@#....##.####...#
.##......##.#....#.......#..'...#
##.#....#[##.....#####.#.##.#⌠ß⌠#
#.#.####(#.#.....# #.#.########
.#.##..##.#[.....# #...........
..##....##.......# #######.####
.g.).............# #.....
.................# ######
..##....##.......#


You could see an orc priest, an orc wizard and an orc.

Vanquished Creatures
  Pikel (D:4)
  A water moccasin (D:5)
  2 ogres
  A lemure (D:4)
  A centaur (D:6)
  A gnoll sergeant (D:5)
  A scorpion (D:4)
  A howler monkey (D:4)
  5 hounds (D:5)
  A gnoll bouda (D:6)
  An orc priest (D:5)
  3 orc wizards
  2 iguanas (D:5)
  10 adders
  7 gnolls
  A shadow imp (D:6)
  2 white imps (D:5)
  4 ufetubi (D:5)
  4 dart slugs
  2 ribbon worms
  18 orcs
  8 ball pythons
  7 endoplasms
  A giant cockroach (D:1)
  4 goblins
  7 hobgoblins
  5 jackals
  8 kobolds
  10 quokkas
  6 bats
  4 frilled lizards
  6 rats
135 creatures vanquished.

Notes
Turn   | Place    | Note
-------+----------+-------------------------------------------
     0 | D:1      | Biggs the Coglin Hunter began the quest for the Orb.
     0 | D:1      | Reached XP level 1. HP: 16/16 MP: 1/1
    73 | D:1      | Reached skill level 4 in Ranged Weapons
    73 | D:1      | Reached XP level 2. HP: 22/22 MP: 2/2
   292 | D:1      | Reached XP level 3. HP: 27/27 MP: 3/3
  1047 | D:2      | Reached skill level 5 in Ranged Weapons
  1047 | D:2      | Reached XP level 4. HP: 33/33 MP: 4/4
  1323 | D:2      | Found Let Ydiu's Armour Boutique.
  1596 | D:3      | Reached XP level 5. HP: 33/38 MP: 5/5
  1912 | D:3      | Found a hazy altar of Hepliaklqana.
  2088 | D:4      | Noticed an ogre
  2148 | D:4      | Reached skill level 6 in Ranged Weapons
  2263 | D:4      | Noticed a lemure
  2292 | D:4      | Killed a lemure
  2433 | D:4      | Reached XP level 6. HP: 42/44 MP: 6/6
  2446 | D:4      | Noticed Pikel
  2456 | D:4      | Killed Pikel
  2457 | D:4      | Reached skill level 8 in Ranged Weapons
  2457 | D:4      | Reached XP level 7. HP: 45/50 MP: 7/7
  2561 | D:4      | Found a staircase to the Ecumenical Temple.
  2569 | Temple   | Entered the Ecumenical Temple
  2580 | Temple   | Became a worshipper of Warmaster Okawaru
  3243 | D:5      | Entered Level 5 of the Dungeon
  3278 | D:5      | Reached XP level 8. HP: 48/56 MP: 8/8
  3576 | D:5      | Found Quogg's Armour Boutique.
  3842 | D:5      | Reached * piety under Okawaru
  4357 | D:5      | Reached skill level 5 in Fighting
  4491 | D:5      | Noticed a yak
  4811 | D:6      | Found Xaamor's Neck Hole.
  5215 | D:6      | Reached skill level 9 in Ranged Weapons
  5343 | D:6      | Identified 2 scrolls of acquirement
  5343 | D:6      | Acquired the +7 hand cannon "Mule" {flame, backblast, rF+}
  5343 | D:6      | Found the +7 hand cannon "Mule" {flame, backblast, rF+}
  5364 | D:6      | Killed from afar by an orc priest

Illustrated notes

Levels and vault maps discovered:
D:1:      roadster_arrival_rocket_small, layout_basic
D:2:      layout_loops_corners, serial_shops, nicolae_shop_tiny_statue_garden
D:3:      layout_rooms, nicolae_hepliaklqana_hippocampus
D:4:      layout_loops_ring, minmay_temple_entry_arrows, minivault_24,
          hangedman_abyss_or_decor_lesser_grid, uniq_pikel
D:5:      minmay_bubble_buster, layout_basic, nicolae_inconvenience_store,
          nicolae_grassy_gnolls
D:6:      dreamdust_elfheim, layout_basic, minmay_misc_feat_secret_circle,
          nicolae_shop_sticking_my_neck_out
Temple:   nicolae_temple_bog_church

Skill      XL: |  1  2  3  4  5  6  7  8 |
---------------+-------------------------+-----
Ranged Weapons | 4 5 6 8 9 |  9.1
Dodging        | 3 4 |  4.1
Fighting       | 5 |  5.0
Stealth        | |  0.7

Action                     |  1- 3 |  4- 6 |  7- 9 || total
---------------------------+-------+-------+-------++-------
   Fire: Sling             |   156 |   218 |   426 ||   800
  Evoke: Wand              |       |     2 |       ||     2
    Use: Scroll            |       |     1 |     5 ||     6
 Armour: Leather armour    |     6 |    20 |    78 ||   104
  Dodge: Dodged            |     6 |    20 |    64 ||    90

Table legend: (Time is in decaauts)
 A = Elapsed time spent in this place.
 B = Non-inter-level travel time spent in this place.
 C = Inter-level travel time spent in this place.
 D = Time resting spent in this place.
 E = Time spent auto-exploring this place.
 F = Levels seen in this place.
 G = Mean time per level.
                   A        B        C        D        E       F      G
               +--------+--------+--------+--------+--------+-----+--------+
         Total |   5408 |   4931 |    477 |    365 |   3678 |   7 |  772.6 |
       Dungeon |   5383 |   4917 |    466 |    365 |   3678 |   6 |  897.2 |
        Temple |     24 |     13 |     11 |      0 |      0 |   1 |   24.0 |
               +--------+--------+--------+--------+--------+-----+--------+

Top non-repeatable levels by time:
     D:5: 1601 daAuts
     D:4: 1091 daAuts
     D:2: 822 daAuts
     D:1: 804 daAuts
     D:3: 625 daAuts
     D:6: 438 daAuts
  Temple: 24 daAuts
